 Dungeon Crawl Stone Soup version 0.19.0-24-gb05acd6 (webtiles) character file.

29 ChaseSP the Changer (level 3, 0/17 HPs)
             Began as a Vine Stalker Transmuter on Nov 22, 2016.
             Succumbed to an adder's poison
             ... on level 2 of the Dungeon.
             The game lasted 00:01:26 (1047 turns).

ChaseSP the Changer (Vine Stalker Transmuter)       Turns: 1047, Time: 00:01:27

Health: 0/17       AC:  2    Str: 12    XL:     3   Next: 16%
Magic:  0/7        EV: 12    Int: 16    God:
Gold:   18         SH:  0    Dex: 15    Spells: 2 memorised, 3 levels left

rFire  . . .     SeeInvis +       - Unarmed
rCold  . . .     Gourm    .     b - +0 robe
rNeg   . . .     Faith    .     (no shield)
rPois  .         Spirit   +     (no helmet)
rElec  .         Reflect  .     (no cloak)
rCorr  .         Harm     .     (no gloves)
MR     .....                    (no boots)
Stlth  +.........               (no amulet)
                                (no ring)
                                l - ring of see invisible

@: brilliant, lethally poisoned (0 -> -4), very slightly contaminated, hasted,
very quick
A: fangs 2, hooves 1, deterioration 1, dopey 1, magic shield, antimagic bite, no
device heal 3, rot immunity
a: no special abilities


You were on level 2 of the Dungeon.
You were hungry.

You visited 1 branch of the dungeon, and saw 2 of its levels.

You collected 18 gold pieces.

Inventory:

Missiles
 a - 10 arrows
Armour
 b - a +0 robe (worn)
Jewellery
 l - a ring of see invisible (left hand)
Scrolls
 f - a scroll of noise {unknown}
 i - a scroll of amnesia {unknown}
 k - 2 scrolls of fear {unknown}
 m - a scroll of immolation {unknown}
Books
 c - a book of Changes

   Spells                             Type                      Level
   a - Beastly Appendage              Transmutation                1
   b - Sticks to Snakes               Transmutation                2
   c - Spider Form                    Transmutation/Poison         3
   d - Ice Form                       Ice/Transmutation            4
   e - Blade Hands                    Transmutation                5
Comestibles
 d - 2 bread rations
 h - a meat ration


   Skills:
 - Level 0.8 Fighting
 - Level 1.5 Dodging
 - Level 3.0 Unarmed Combat
 - Level 2.1 Spellcasting
 + Level 3.5 Transmutations


You had 3 spell levels left.
You knew the following spells:

 Your Spells              Type           Power        Failure   Level  Hunger
a - Beastly Appendage     Tmut           ###...       1%          1    #......
b - Sticks to Snakes      Tmut           ###.....     1%          2    ###....


Dungeon Overview and Level Annotations

Branches:
Dungeon (2/15)

Altars:


Innate Abilities, Weirdness & Mutations

You have extremely sharp teeth.
When hurt, damage is shared between your health and your magic reserves.
Your bite disrupts and absorbs the magic of your enemies.
Potions and wands cannot restore your health.
You are immune to rotting.
You have large cloven feet.
Your body sometimes deteriorates upon taking damage.
You are dopey. (Int -2)


Message History

The adder misses you.
It was a potion of brilliance.
You feel clever all of a sudden. The adder barely misses you.
You hit the adder.
You kill the adder!
You have reached level 3!
Your experience leads to an increase in your attributes!
Your base attributes are Str 12, Int 13, Dex 14.
Increase (S)trength, (I)ntelligence, or (D)exterity?
You feel agile.
You hit the hobgoblin.
The hobgoblin is heavily wounded.
The hobgoblin hits you with a club.
* * * LOW HITPOINT WARNING * * *
You closely miss the hobgoblin. Your bite misses the hobgoblin.
The hobgoblin is heavily wounded.
You hit the hobgoblin.
You kill the hobgoblin!
You die...

##########
#........#
#.#...##<#
#.#.#.##.#
#...#....##
#@#####....
#.).#....##
#.#...##.#
#.#...##.#
#........#
###...####
##.## .# .#


There were no monsters in sight!

Vanquished Creatures
  An adder (D:2)
  2 leopard geckos (D:1)
  A bat (D:1)
  A giant cockroach (D:1)
  2 goblins (D:1)
  3 hobgoblins
  A frilled lizard (D:1)
  4 kobolds (D:1)
  3 rats (D:1)
18 creatures vanquished.

Notes
Turn   | Place    | Note
-------+----------+-------------------------------------------
     0 | D:1      | ChaseSP the Vine Stalker Transmuter began the quest for the Orb.
     0 | D:1      | Reached XP level 1. HP: 9/9 MP: 4/4
   351 | D:1      | Reached XP level 2. HP: 10/14 MP: 6/6
   358 | D:1      | Learned a level 2 spell: Sticks to Snakes
  1042 | D:2      | Gained mutation: You are dopey. (Int -2) [potion of mutation]
  1042 | D:2      | Gained mutation: You have large cloven feet. [potion of mutation]
  1042 | D:2      | Gained mutation: Your body sometimes deteriorates upon taking damage. [potion of mutation]
  1044 | D:2      | Reached XP level 3. HP: 2/17 MP: 1/7
  1047 | D:2      | Succumbed to an adder's poison

Skill      XL: |  1  2 |
---------------+-------+-----
Transmutations | 3 |  3.5
Fighting       | |  0.8
Dodging        | |  1.5
Unarmed Combat | |  3.0
Spellcasting   | |  2.1

Action                   || total
-------------------------++-------
Melee: Unarmed           ||    58
       Bite              ||     5
       Punch             ||     1
 Cast: Beastly Appendage ||     1
       Sticks to Snakes  ||     2
  Use: Potion            ||     3
 Stab: Sleeping          ||     2
Armor: Robe              ||     7
Dodge: Dodged            ||    39
